TOP OF THE 1ST |
El Dorado Oilers batting - Pitching for Vista Panthers : LHP John Whitaker
|
Pitching: LHP John Whitaker
|
|
Batting: RHB Nick Webb
|
0-0: Fly out, F8 (Flyball, 89S)
|
Batting: RHB José Carlos Caraballo
|
0-0: SOLO HOME RUN (Flyball, 7D), Distance : 422 ft
|
Batting: RHB Bob Johnson
|
0-0: Called Strike 0-1: Called Strike 0-2: Foul Ball, location: 2F 0-2: Ball 1-2: Foul Ball, location: 2F 1-2: Fly out, F5 (Line Drive, 5L)
|
Batting: LHB José Hernández
|
0-0: Fly out, F9 (Line Drive, 9)
|
Top of the 1st over - 1 run, 1 hit, 0 errors, 0 left on base; El Dorado 1 - Vista 0 |
BOTTOM OF THE 1ST |
Vista Panthers batting - Pitching for El Dorado Oilers : LHP Orlando Costa
|
Pitching: LHP Orlando Costa
|
|
Batting: RHB Justin Burgess
|
0-0: Ball 1-0: Ball 2-0: Ball 3-0: Base on Balls
|
Batting: RHB Jake Reeves
|
0-0: Called Strike 0-1: Swinging Strike 0-2: Ball 1-2: 2-RUN HOME RUN (Flyball, 7D), Distance : 433 ft
|
Batting: RHB Salvador Salas
|
0-0: Called Strike 0-1: Ball 1-1: Ball 2-1: Ball 3-1: Foul Ball, location: 2F 3-2: Ground out 1-3 (Groundball, P)
|
Batting: LHB Clyde Yarbrough
|
0-0: Ball 1-0: Ball 2-0: Ground out 4-3 (Groundball, 4S)
|
Batting: RHB Stephen Wilson
|
0-0: Ball 1-0: Swinging Strike 1-1: Called Strike 1-2: Ball 2-2: Ball 3-2: Foul Ball, location: 2F 3-2: Strikes out swinging
|
Bottom of the 1st over - 2 runs, 1 hit, 0 errors, 0 left on base; El Dorado 1 - Vista 2 |
TOP OF THE 2ND |
El Dorado Oilers batting - Pitching for Vista Panthers : LHP John Whitaker
|
Batting: SHB Theron Harper
|
0-0: Ground out 6-3 (Groundball, 6)
|
Batting: LHB Chris Miller
|
0-0: Foul Ball, location: 2F 0-1: Fly out, F4 (Popup, 34)
|
Batting: LHB Al Gaines
|
0-0: Called Strike 0-1: Ball 1-1: Foul Ball, location: 2F 1-2: Ball 2-2: Ball 3-2: Ground out 4-3 (Groundball, 4)
|
Top of the 2nd over - 0 runs, 0 hits, 0 errors, 0 left on base; El Dorado 1 - Vista 2 |
BOTTOM OF THE 2ND |
Vista Panthers batting - Pitching for El Dorado Oilers : LHP Orlando Costa
|
Batting: LHB Dante Owens
|
0-0: Ball 1-0: Ball 2-0: Ball 3-0: Base on Balls
|
Batting: RHB Cisco Gatán
|
0-0: Foul Ball, location: 2F 0-1: DOUBLE (Line Drive, 78D) Dante Owens to third
|
Batting: RHB Luis Ríos
|
0-0: Called Strike 0-1: Ball 1-1: Ball 2-1: Foul Ball, location: 2F 2-2: Ball 3-2: Base on Balls
|
Batting: RHB Gustavo Torres
|
0-0: Called Strike 0-1: Called Strike 0-2: Foul Ball, location: 2F 0-2: Ball 1-2: Grounds into double play, 6-4-3 (Groundball, 6) Dante Owens scores Cisco Gatán to third
|
Batting: RHB Justin Burgess
|
0-0: Swinging Strike 0-1: Ball 1-1: Ball 2-1: Ball 3-1: Called Strike 3-2: Foul Ball, location: 2F 3-2: Fly out, F9 (Flyball, 89S)
|
Bottom of the 2nd over - 1 run, 1 hit, 0 errors, 1 left on base; El Dorado 1 - Vista 3 |
TOP OF THE 3RD |
El Dorado Oilers batting - Pitching for Vista Panthers : LHP John Whitaker
|
Batting: RHB Vicente Carona
|
0-0: Called Strike 0-1: SINGLE (Line Drive, 6D)
|
Batting: RHB Tony Hernández
|
0-0: SINGLE (Line Drive, 78S) Vicente Carona to second
|
Batting: RHB Nick Webb
|
0-0: Ground out 5-3 (Groundball, 56S) Vicente Carona to third Tony Hernández to second
|
Batting: RHB José Carlos Caraballo
|
0-0: Called Strike 0-1: Fly out, F8 (Flyball, 8LD) Runner from 3rd tags up, SCORES, throw made
|
Batting: RHB Bob Johnson
|
0-0: Called Strike 0-1: Ball 1-1: SINGLE (Flyball, 7S) Tony Hernández to third Runner from 3rd tries for Home, SAFE, no throw
|
Batting: LHB José Hernández
|
0-0: Fly out, F6 (Line Drive, 4MD)
|
Top of the 3rd over - 2 runs, 3 hits, 0 errors, 1 left on base; El Dorado 3 - Vista 3 |
BOTTOM OF THE 3RD |
Vista Panthers batting - Pitching for El Dorado Oilers : LHP Orlando Costa
|
Batting: RHB Jake Reeves
|
0-0: Ball 1-0: Foul Ball, location: 2F 1-1: Ground out 6-3 (Groundball, 6)
|
Batting: RHB Salvador Salas
|
0-0: Ball 1-0: Ball 2-0: Foul Ball, location: 2F 2-1: Ball 3-1: Base on Balls
|
Batting: LHB Clyde Yarbrough
|
0-0: Called Strike 0-1: Called Strike 0-2: Ball 1-2: Strikes out swinging
|
Batting: RHB Stephen Wilson
|
0-0: Called Strike 0-1: Called Strike 0-2: Ball 1-2: Ball 2-2: Ground out 6-3 (Groundball, 56)
|
Bottom of the 3rd over - 0 runs, 0 hits, 0 errors, 1 left on base; El Dorado 3 - Vista 3 |
TOP OF THE 4TH |
El Dorado Oilers batting - Pitching for Vista Panthers : LHP John Whitaker
|
Batting: SHB Theron Harper
|
0-0: Ball 1-0: Ball 2-0: Ball 3-0: Foul Ball, location: 2F 3-1: Ground out 4-3 (Groundball, 34)
|
Batting: LHB Chris Miller
|
0-0: Fly out, F8 (Flyball, 8LD)
|
Batting: LHB Al Gaines
|
0-0: Ball 1-0: Foul Ball, location: 2F 1-1: Ball 2-1: Ball 3-1: Swinging Strike 3-2: Base on Balls
|
Batting: RHB Vicente Carona
|
0-0: Ball 1-0: Foul Ball, location: 2F 1-1: Ball 2-1: Ball 3-1: Base on Balls Al Gaines to second
|
Batting: RHB Tony Hernández
|
0-0: 3-RUN HOME RUN (Flyball, 7D), Distance : 416 ft
|
Batting: RHB Nick Webb
|
0-0: Called Strike 0-1: Ball 1-1: Called Strike 1-2: Foul Ball, location: 2F 1-2: Strikes out looking
|
Top of the 4th over - 3 runs, 1 hit, 0 errors, 0 left on base; El Dorado 6 - Vista 3 |
BOTTOM OF THE 4TH |
Vista Panthers batting - Pitching for El Dorado Oilers : LHP Orlando Costa
|
Batting: LHB Dante Owens
|
0-0: Fly out, F9 (Flyball, 9)
|
Batting: RHB Cisco Gatán
|
0-0: Ball 1-0: Swinging Strike 1-1: Called Strike 1-2: Ball 2-2: Foul Ball, location: 2F 2-2: Foul Ball, location: 2F 2-2: Ball 3-2: Base on Balls
|
Batting: RHB Luis Ríos
|
0-0: Ball 1-0: Called Strike 1-1: Swinging Strike 1-2: Foul Ball, location: 2F 1-2: Foul Ball, location: 2F 1-2: Grounds into double play, 4-6-3 (Groundball, 4)
|
Bottom of the 4th over - 0 runs, 0 hits, 0 errors, 0 left on base; El Dorado 6 - Vista 3 |
TOP OF THE 5TH |
El Dorado Oilers batting - Pitching for Vista Panthers : LHP John Whitaker
|
Batting: RHB José Carlos Caraballo
|
0-0: Ball 1-0: Foul Ball, location: 2F 1-1: Foul Ball, location: 2F 1-2: Foul Ball, location: 2F 1-2: Ball 2-2: Ground out 5-3 (Groundball, 56S)
|
Batting: RHB Bob Johnson
|
0-0: Called Strike 0-1: Foul Ball, location: 2F 0-2: SINGLE (Flyball, 9LS)
|
Batting: LHB José Hernández
|
0-0: Grounds into double play, 4-6-3 (Groundball, 34D)
|
Top of the 5th over - 0 runs, 1 hit, 0 errors, 0 left on base; El Dorado 6 - Vista 3 |
BOTTOM OF THE 5TH |
Vista Panthers batting - Pitching for El Dorado Oilers : LHP Orlando Costa
|
Batting: RHB Gustavo Torres
|
0-0: Fly out, F8 (Flyball, 8RD)
|
Batting: RHB Justin Burgess
|
0-0: Ball 1-0: Ball 2-0: Ball 3-0: Called Strike 3-1: Swinging Strike 3-2: Ground out 4-3 (Groundball, 34)
|
Batting: RHB Jake Reeves
|
0-0: Foul Ball, location: 2F 0-1: Ball 1-1: Ball 2-1: Ball 3-1: Foul Ball, location: 2F 3-2: Fly out, F7 (Flyball, 7LM)
|
Bottom of the 5th over - 0 runs, 0 hits, 0 errors, 0 left on base; El Dorado 6 - Vista 3 |
TOP OF THE 6TH |
El Dorado Oilers batting - Pitching for Vista Panthers : LHP John Whitaker
|
Pitching: RHP John Hall
|
|
Batting: SHB Theron Harper
|
0-0: Ball 1-0: Foul Ball, location: 2F 1-1: Ground out 4-3 (Groundball, 34)
|
Batting: LHB Chris Miller
|
0-0: Called Strike 0-1: Ball 1-1: Fly out, F9 (Flyball, 9S)
|
Batting: LHB Al Gaines
|
0-0: Foul Ball, location: 2F 0-1: Ball 1-1: Ball 2-1: Ball 3-1: Ground out 4-3 (Groundball, 4)
|
Top of the 6th over - 0 runs, 0 hits, 0 errors, 0 left on base; El Dorado 6 - Vista 3 |
BOTTOM OF THE 6TH |
Vista Panthers batting - Pitching for El Dorado Oilers : LHP Orlando Costa
|
Batting: RHB Salvador Salas
|
0-0: Called Strike 0-1: Foul Ball, location: 2F 0-2: Strikes out swinging
|
Batting: LHB Clyde Yarbrough
|
0-0: Swinging Strike 0-1: Foul Ball, location: 2F 0-2: Foul Ball, location: 2F 0-2: Ball 1-2: Strikes out swinging
|
Batting: RHB Stephen Wilson
|
0-0: Ball 1-0: Foul Ball, location: 2F 1-1: Ball 2-1: Called Strike 2-2: Ball 3-2: Base on Balls
|
Batting: LHB Dante Owens
|
0-0: Foul Ball, location: 2F 0-1: DOUBLE (Line Drive, 9LM) Stephen Wilson to third Runner from 3rd tries for Home, SAFE, throw made at trailing runner, OUT at third!
|
Bottom of the 6th over - 1 run, 1 hit, 0 errors, 0 left on base; El Dorado 6 - Vista 4 |
TOP OF THE 7TH |
El Dorado Oilers batting - Pitching for Vista Panthers : RHP John Hall
|
Batting: RHB Vicente Carona
|
0-0: Ball 1-0: Called Strike 1-1: Swinging Strike 1-2: Foul Ball, location: 2F 1-2: Ball 2-2: Ball 3-2: SINGLE (Line Drive, 8LS)
|
Batting: RHB Tony Hernández
|
0-0: Ball 1-0: Sac Bunt - play at first, batter OUT! 1-4 Vicente Carona to second
|
Batting: RHB Nick Webb
|
0-0: Ball 1-0: Foul Ball, location: 2F 1-1: Ball 2-1: Ground out 3-1 (Groundball, 34) Vicente Carona to third
|
Batting: RHB José Carlos Caraballo
|
0-0: Ball 1-0: Ground out 5-3 (Groundball, 56S)
|
Top of the 7th over - 0 runs, 1 hit, 0 errors, 1 left on base; El Dorado 6 - Vista 4 |
BOTTOM OF THE 7TH |
Vista Panthers batting - Pitching for El Dorado Oilers : LHP Orlando Costa
|
Pitching: RHP César López
|
|
Batting: RHB Cisco Gatán
|
0-0: Called Strike 0-1: Ball 1-1: Foul Ball, location: 2F 1-2: Foul Ball, location: 2F 1-2: Ball 2-2: Ball 3-2: Foul Ball, location: 2F 3-2: Base on Balls
|
Batting: RHB Luis Ríos
|
0-0: DOUBLE (Line Drive, 7D) Cisco Gatán to third
|
Pinch Hitting: LHB Noriaki Sangi
|
0-0: Ball 1-0: Foul Ball, location: 2F 1-1: Called Strike 1-2: Ball 2-2: Ball 3-2: Foul Ball, location: 2F 3-2: SINGLE (Groundball, 34D) Cisco Gatán scores Luis Ríos to third
|
Batting: RHB Justin Burgess
|
0-0: Called Strike 0-1: Ball 1-1: Foul Ball, location: 2F 1-2: DOUBLE (Line Drive, 9LS) Luis Ríos scores Noriaki Sangi to third Runner from 3rd tries for Home, SAFE, throw made at trailing runner, OUT at third!
|
Pitching: LHP António Coronado
|
|
Batting: RHB Jake Reeves
|
0-0: Called Strike 0-1: Fly out, F7 (Flyball, 7LMF)
|
Batting: RHB Salvador Salas
|
0-0: Called Strike 0-1: Ball 1-1: Ball 2-1: Foul Ball, location: 2F 2-2: DOUBLE (Line Drive, 8RXD)
|
Batting: LHB Clyde Yarbrough
|
0-0: Called Strike 0-1: Called Strike 0-2: Ball 1-2: Ball 2-2: Ball 3-2: Fly out, F7 (Flyball, 7LS)
|
Bottom of the 7th over - 3 runs, 4 hits, 0 errors, 1 left on base; El Dorado 6 - Vista 7 |
TOP OF THE 8TH |
El Dorado Oilers batting - Pitching for Vista Panthers : RHP John Hall
|
Pitching: RHP David Simpson
|
|
Now in CF: Ramiro Martínez
|
|
Batting: RHB Bob Johnson
|
0-0: Called Strike 0-1: Ball 1-1: Ground out 6-3 (Groundball, 6)
|
Batting: LHB José Hernández
|
0-0: Ball 1-0: Hit by Pitch
|
Pinch Runner at 1st Mathew Clayton:
|
|
Batting: SHB Theron Harper
|
0-0: Ball 1-0: Ball 2-0: Ball 3-0: Called Strike 3-1: Foul Ball, location: 2F 3-2: Foul Ball, location: 2F 3-2: Strikes out swinging
|
Batting: LHB Chris Miller
|
0-0: Ball 1-0: Ball 2-0: Called Strike 2-1: Swinging Strike 2-2: Ball 3-2: Strikes out swinging
|
Top of the 8th over - 0 runs, 0 hits, 0 errors, 1 left on base; El Dorado 6 - Vista 7 |
BOTTOM OF THE 8TH |
Vista Panthers batting - Pitching for El Dorado Oilers : LHP António Coronado
|
Batting: RHB Stephen Wilson
|
0-0: Ground out 6-3 (Groundball, 6)
|
Batting: LHB Dante Owens
|
0-0: Ball 1-0: Foul Ball, location: 2F 1-1: Fly out, F4 (Popup, 34S)
|
Batting: RHB Cisco Gatán
|
0-0: Ground out 3-1 (Groundball, 34)
|
Bottom of the 8th over - 0 runs, 0 hits, 0 errors, 0 left on base; El Dorado 6 - Vista 7 |
TOP OF THE 9TH |
El Dorado Oilers batting - Pitching for Vista Panthers : RHP David Simpson
|
Batting: LHB Al Gaines
|
0-0: Swinging Strike 0-1: Ball 1-1: Ball 2-1: DOUBLE (Line Drive, 9LS)
|
Batting: RHB Vicente Carona
|
0-0: Called Strike 0-1: Ball 1-1: Ground out U3 (Groundball, 34) Al Gaines to third
|
Batting: RHB Tony Hernández
|
0-0: Ball 1-0: SINGLE (Groundball, 34) Al Gaines scores
|
Batting: RHB Nick Webb
|
0-0: Ball 1-0: Called Strike 1-1: Ball 2-1: Fly out, F6 (Line Drive, 56)
|
Batting: RHB José Carlos Caraballo
|
0-0: Ball 1-0: Ground out 4-3 (Groundball, 4)
|
Top of the 9th over - 1 run, 2 hits, 0 errors, 1 left on base; El Dorado 7 - Vista 7 |
BOTTOM OF THE 9TH |
Vista Panthers batting - Pitching for El Dorado Oilers : LHP António Coronado
|
Batting: RHB Luis Ríos
|
0-0: Swinging Strike 0-1: Foul Ball, location: 2F 0-2: Ball 1-2: Foul Ball, location: 2F 1-2: Ball 2-2: Ball 3-2: Foul Ball, location: 2F 3-2: Fly out, F7 (Flyball, 7S)
|
Batting: LHB Ramiro Martínez
|
0-0: Foul Ball, location: 2F 0-1: Ground out U3 (Groundball, 34)
|
Batting: RHB Justin Burgess
|
0-0: Foul Ball, location: 2F 0-1: Ball 1-1: Ball 2-1: Foul Ball, location: 2F 2-2: Ball 3-2: Base on Balls
|
Pinch Runner at 1st Francisco Medina:
|
|
Batting: RHB Jake Reeves
|
0-0: Ball 1-0: Called Strike 1-1: Called Strike Francisco Medina is caught stealing 2nd base
|
Bottom of the 9th over - 0 runs, 0 hits, 0 errors, 0 left on base; El Dorado 7 - Vista 7 |
TOP OF THE 10TH |
El Dorado Oilers batting - Pitching for Vista Panthers : RHP David Simpson
|
Pitching: LHP António Martínez
|
|
Now at SS: Francisco Medina
|
|
Batting: RHB Bob Johnson
|
0-0: Ball 1-0: Called Strike 1-1: Fly out, F4 (Line Drive, 4)
|
Batting: LHB Mathew Clayton
|
0-0: Called Strike 0-1: Ball 1-1: Called Strike 1-2: Ball 2-2: Strikes out swinging
|
Batting: SHB Theron Harper
|
0-0: Called Strike 0-1: SINGLE (Line Drive, 4M)
|
Pinch Hitting: RHB Ernesto Acosta
|
0-0: Called Strike 0-1: Ball 1-1: Ball Theron Harper is caught stealing 2nd base
|
Top of the 10th over - 0 runs, 1 hit, 0 errors, 0 left on base; El Dorado 7 - Vista 7 |
BOTTOM OF THE 10TH |
Vista Panthers batting - Pitching for El Dorado Oilers : LHP António Coronado
|
Pitching: RHP Kuang-yin Yue
|
|
Now in LF: Ashley Pickhills
|
|
Batting: RHB Jake Reeves
|
0-0: Called Strike 0-1: Foul Ball, location: 2F 0-2: Foul Ball, location: 2F 0-2: Ball 1-2: Ball 2-2: Foul Ball, location: 2F 2-2: Ball 3-2: Ground out 6-3 (Groundball, 6)
|
Batting: RHB Salvador Salas
|
0-0: Foul Ball, location: 2F 0-1: Called Strike 0-2: Foul Ball, location: 2F 0-2: Ball 1-2: Strikes out looking
|
Batting: LHB Clyde Yarbrough
|
0-0: Ball 1-0: Ball 2-0: Foul Ball, location: 2F 2-1: Ground out U3 (Groundball, 3S)
|
Bottom of the 10th over - 0 runs, 0 hits, 0 errors, 0 left on base; El Dorado 7 - Vista 7 |
TOP OF THE 11TH |
El Dorado Oilers batting - Pitching for Vista Panthers : LHP António Martínez
|
Batting: LHB Ashley Pickhills
|
0-0: Ball 1-0: Ball 2-0: Called Strike 2-1: Called Strike 2-2: Foul Ball, location: 2F 2-2: Ground out 6-3 (Groundball, 6)
|
Batting: LHB Al Gaines
|
0-0: Ball 1-0: Foul Ball, location: 2F 1-1: Ball 2-1: SINGLE (Groundball, 3D)
|
Batting: RHB Vicente Carona
|
0-0: Called Strike 0-1: Ball 1-1: Ball 2-1: Ball 3-1: Foul Ball, location: 2F 3-2: Base on Balls Al Gaines to second
|
Batting: RHB Tony Hernández
|
0-0: Called Strike 0-1: Foul Ball, location: 2F 0-2: Strikes out looking
|
Batting: RHB Nick Webb
|
0-0: Ball 1-0: Ball 2-0: Called Strike 2-1: Ball 3-1: SINGLE (Groundball, 4MD) Al Gaines to third Vicente Carona to second Runner from 3rd tries for Home, SAFE, throw made home
|
Batting: RHB José Carlos Caraballo
|
0-0: Foul Ball, location: 2F 0-1: Called Strike 0-2: Ball 1-2: Ball 2-2: Foul Ball, location: 2F 2-2: Ball 3-2: Foul Ball, location: 2F 3-2: Foul Ball, location: 2F 3-2: Strikes out looking
|
Top of the 11th over - 1 run, 2 hits, 0 errors, 2 left on base; El Dorado 8 - Vista 7 |
BOTTOM OF THE 11TH |
Vista Panthers batting - Pitching for El Dorado Oilers : RHP Kuang-yin Yue
|
Batting: RHB Stephen Wilson
|
0-0: Swinging Strike 0-1: Ball 1-1: Ball 2-1: Ball 3-1: Foul Ball, location: 2F 3-2: Ground out U3 (Groundball, 3)
|
Batting: LHB Dante Owens
|
0-0: Called Strike 0-1: Fly out, F5 (Line Drive, 56S)
|
Batting: RHB Cisco Gatán
|
0-0: DOUBLE (Line Drive, 7LD)
|
Batting: RHB Luis Ríos
|
0-0: Ground out 6-3 (Groundball, 6)
|
Bottom of the 11th over - 0 runs, 1 hit, 0 errors, 1 left on base; El Dorado 8 - Vista 7 |
|